 Dungeon Crawl Stone Soup version 0.24-a0-521-g122614bf49 (webtiles) character file.

Game seed: 5273061362701692873

134094 Peloso the Peltast (level 16, -33/149 HPs)
             Began as a Minotaur Fighter on July 28, 2019.
             Was the Champion of Okawaru.
             Killed from afar by a Hell Sentinel (43 damage)
             ... with an iron shot
             ... on level 3 of the Abyss.
             The game lasted 01:24:33 (29548 turns).

Peloso the Peltast (Minotaur Fighter)              Turns: 29548, Time: 01:24:34

Health: -33/149    AC: 26    Str: 28    XL:     16   Next: 61%
Magic:  0/16       EV:  9    Int:  5    God:    Okawaru [******]
Gold:   2031       SH: 25    Dex: 12    Spells: 15/15 levels left

rFire    + . .     SeeInvis +   a - +7 demon blade of Plunder {drain, Str+2 SInv}
rCold    + . .     Gourm    .   J - +2 large shield {rC+ rF+}
rNeg     . . .     Faith    +   B - +3 plate armour {MR+}
rPois    .         Spirit   +   L - +0 hat "Wukuyt" {rCorr}
rElec    .         Reflect  .   G - scarf {Spirit}
rCorr    +         Harm     .   c - +2 pair of gloves {archery}
MR       +++..                  q - +0 pair of boots
Stlth    ..........             M - amulet of faith
HPRegen  0.00/turn              i - ring of protection from magic
MPRegen  0.15/turn              N - +3 ring of protection

@: non-regenerating, mildly diseased, heavily drained
A: retaliatory headbutt, horns 2
a: Heroism, Finesse, Renounce Religion


You were on level 3 of the Abyss.
You worshipped Okawaru.
Okawaru was exalted by your worship.
You were not hungry.

You visited 5 branches of the dungeon, and saw 25 of its levels.
You visited the Abyss 1 time.
You also visited: Gauntlet and Volcano.

You collected 2675 gold pieces.
You spent 644 gold pieces at shops.

Inventory:

Hand Weapons
 a - the +7 demon blade of Plunder (weapon) {drain, Str+2 SInv}
   (Okawaru gifted it to you on level 3 of the Lair of Beasts)

   A truly terrible weapon, it drains the life of those it strikes.
   It affects your strength (+2).
   It lets you see invisible.
 b - a +3 scimitar of flaming
Armour
 c - a +2 pair of gloves of archery (worn)
 h - the +10 chain mail of a sewer {SInv Stlth+}
   (You found it on level 14 of the Dungeon)

   It lets you see invisible.
   It makes you more stealthy.
 q - a +0 pair of boots (worn)
 u - the +5 plate armour "Atwuet" {rF- rC++ SInv Stlth+}
   (You took it off a minotaur in a Gauntlet)

   It makes you vulnerable to fire.
   It greatly protects you from cold.
   It lets you see invisible.
   It makes you more stealthy.
 B - a +3 plate armour of magic resistance (worn)
 G - a scarf of spirit shield (worn)
 J - a +2 large shield of resistance (worn)
 L - the +0 hat "Wukuyt" (worn) {rCorr}
   (Okawaru gifted it to you on level 2 of the Orcish Mines)

   It provides partial protection from all sources of acid and corrosion.
Jewellery
 i - a ring of protection from magic (left hand)
 s - an uncursed ring of protection from fire
 x - the ring of Bomytivam {rCorr Int+2, unknown}
   (You found it on level 3 of the Abyss)

   [ring of resist corrosion]

   It affects your intelligence (+2).
   It provides partial protection from all sources of acid and corrosion.
 F - a +3 ring of dexterity
 M - an amulet of faith (around neck)
 N - a +3 ring of protection (right hand)
Wands
 j - a wand of disintegration (13)
 n - a wand of digging (2)
 p - a wand of paralysis (9)
Scrolls
 e - 3 scrolls of identify
 k - 11 scrolls of teleportation
 l - a scroll of fog {unknown}
 o - 11 scrolls of remove curse
 r - a scroll of enchant weapon
 t - 2 scrolls of blinking
 y - 6 scrolls of magic mapping
 H - a scroll of summoning
 Q - 4 scrolls of fear
 R - 4 scrolls of noise
Potions
 d - 2 potions of might
 g - 7 potions of curing
 w - 2 potions of mutation
 z - 5 potions of agility
 C - 3 potions of resistance
 D - 2 potions of berserk rage
 O - 4 potions of haste
 Y - 2 potions of flight
Comestibles
 f - 41 rations


   Skills:
 + Level 15.5(13.9) Fighting
 + Level 18.1(16.4) Long Blades
   Level 4.0(2.8) Axes
 + Level 14.2(12.7) Armour
 + Level 6.3(5.0) Dodging
 + Level 2.0(0.9) Stealth
 + Level 19.5(17.8) Shields
 + Level 2.3(1.2) Invocations
 + Level 1.0(0.0) Evocations


You had 15 spell levels left.
You didn't know any spells.
Your spell library contained the following spells:

 Spells                   Type           Power        Failure   Level  Hunger
 Animate Skeleton         Necr           N/A          100%        1    ##.....
 Apportation              Tloc           #.....       100%        1    ##.....
 Confusing Touch          Hex            #.....       100%        1    ##.....
 Sandblast                Erth           #.....       100%        1    ##.....
 Shock                    Conj/Air       #...         100%        1    ##.....
 Summon Butterflies       Summ           #.......     100%        1    ##.....
 Summon Small Mammal      Summ           #...         100%        1    ##.....
 Blink                    Tloc           N/A          100%        2    ###....
 Corpse Rot               Necr           N/A          100%        2    ###....
 Passwall                 Tmut/Erth      #.......     100%        2    ###....
 Shroud of Golubria       Chrm/Tloc      #.....       100%        2    ###....
 Swiftness                Chrm/Air       #.......     100%        2    ###....
 Call Canine Familiar     Summ           #.......     100%        3    ####...
 Gell's Gravitas          Tloc           #.........   100%        3    ####...
 Lesser Beckoning         Tloc           #.........   100%        3    ####...
 Static Discharge         Conj/Air       #.......     100%        3    ####...
 Stone Arrow              Conj/Erth      #.....       100%        3    ####...
 Teleport Other           Tloc           #.......     100%        3    ####...
 Airstrike                Air            #.........   100%        4    #####..
 Leda's Liquefaction      Hex/Erth       #.........   100%        4    #####..
 Passage of Golubria      Tloc           N/A          100%        4    #####..
 Petrify                  Tmut/Erth      #.......     100%        4    #####..
 Summon Ice Beast         Ice/Summ       #.......     100%        4    #####..
 Lee's Rapid Deconstruct  Erth           #.........   100%        5    ######.
 Lightning Bolt           Conj/Air       #.........   100%        5    ######.
 Summon Forest            Summ/Tloc      #.........   100%        5    ######.
 Summon Mana Viper        Hex/Summ       #.......     100%        5    ######.
 Hydra Form               Tmut           #.........   100%        6    #######
 Summon Hydra             Summ           #.........   100%        7    #######


Dungeon Overview and Level Annotations

Branches:
Dungeon (15/15)            Temple (1/1) D:5            Lair (6/6) D:8
 Shoals (0/4) Lair:2       Spider (0/4) Lair:4        Slime (0/5) Lair:6
    Orc (2/2) D:12            Elf (1/3) Orc:2        Vaults (0/5) D:14
 Depths (0/5) D:15

Altars:
Cheibriados
Dithmenos
Okawaru
Qazlal
Ru
Uskayaw
Wu Jian
Yredelemnul
Zin
Beogh

Shops:
D:9 *   D:12 [   D:15 :   Orc:2 (*[*(

Portals:
Trove: D:12 (give horn of Geryon)

Annotations:
D:8 3 runed translucent doors, hemabe's ghost, novice HuAr
Lair:2 3 runed translucent doors, Dasij's ghost, journeyman VSMo


Innate Abilities, Weirdness & Mutations

You reflexively headbutt those who attack you in melee.
You have a pair of horns on your head.


Message History

You block the Hell Sentinel's attack.
Unknown command.
You hit the Hell Sentinel.
The Hell Sentinel is lightly wounded.
The eye of draining gazes at you.
You feel your power leaking away.
Unknown command.
You are struck by the Hell Sentinel's spines.
* * * LOW HITPOINT WARNING * * *
You hit the Hell Sentinel but do no damage.
You headbutt the Hell Sentinel!
The Hell Sentinel is lightly wounded.
The Hell Sentinel completely misses you.
The Hell Sentinel hits you but does no damage.
A raiju comes into view.
You hit the Hell Sentinel but do no damage.
The Hell Sentinel is lightly wounded.
The Hell Sentinel gestures at you. The iron shot hits you!!!
You die...

.# . #. #. .. ##
##. .# #. #... .#
. ### ##..# #h.#.
##... ##..##.
##.1###..###...#
.#. #.#.@......# .
...## #....###..#
## ... .
##.........#>.....
#....!........
.##.
#...#.....#.......
# # ..##..##...
.....# #.## #..#
....##.. .# #.#
.........#.†. .# #
## .....
..........#..


You could see a Hell Sentinel and a raiju.

Vanquished Creatures
  Agnes (D:14)
  An orc warlord (Orc:1)
  A war gargoyle (D:12)
  A stone giant (Orc:2)
  Azrael (Orc:2)
  A deep elf demonologist (Elf:1)
  A minotaur (Gauntlet)
  An ettin (Orc:1)
  Josephine (D:13)
  A fire dragon (D:15)
  7 ogre magi
  An ice dragon (D:15)
  7 hydras
  A catoblepas (Gauntlet)
  3 death knights
  5 centaur warriors
  21 two-headed ogres
  A queen ant (Lair:3)
  5 dancing weapons (Elf:1)
  An orc high priest (Elf:1)
  8 deep elf knights (Elf:1)
  6 skeletal warriors
  An unseen horror (D:10)
  4 wizards (D:14)
  6 deep elf archers
  2 phantasmal warriors
  4 lindwurms (Lair:6)
  Pikel (D:5)
  2 orc knights
  A wolf spider zombie (D:15)
  2 oklob plants (Lair:5)
  2 ugly things
  An orc sorcerer (Orc:1)
  A cyclops (D:14)
  2 manticores
  26 deep elf magi
  16 elephants
  A black mamba (Lair:3)
  A torpor snail (Lair:6)
  Maurice (D:8)
  A smoke demon (Abyss:3)
  A molten gargoyle (Gauntlet)
  A naga mage (D:14)
  A minotaur zombie (Gauntlet)
  Joseph (D:8)
  23 spiny frogs
  7 gargoyles
  A kobold demonologist (D:14)
  4 freezing wraiths
  8 komodo dragons
  2 rime drakes
  5 trolls
  An ancient zyme (Abyss:3)
  A polar bear (Lair:5)
  Prince Ribbit (D:5)
  A blink frog (shapeshifter) (D:13)
  A harpy skeleton (Volcano)
  A raiju (Abyss:3)
  3 tyrant leeches (Lair:6)
  2 dream sheep (D:14)
  9 hippogriffs
  27 blink frogs
  2 large abominations (Abyss:3)
  6 flying skulls
  2 alligator skeletons (Volcano)
  An air elemental (Elf:1)
  4 shadows
  2 water elementals
  6 wraiths
  3 redbacks (Lair:4)
  2 fire elementals
  3 basilisks
  28 yaks
  5 wyverns
  2 hungry ghosts
  A vampire (D:13)
  Grum (D:8)
  6 vampire mosquitoes (Lair:6)
  3 wargs (Orc:1)
  15 soldier ants (Lair:3)
  Duvessa (D:7)
  2 acid dragons
  7 water moccasins
  4 hell hounds
  11 porcupines
  4 ice beasts
  5 sky beasts
  24 orc warriors
  A black bear (D:11)
  2 eyes of draining
  29 ogres
  A necrophage (D:9)
  2 phantoms
  2 wolves (D:8)
  17 centaurs
  15 crocodiles
  25 bullfrogs
  8 big kobolds
  2 earth elementals (Elf:1)
  Dowan (D:7)
  A wyvern skeleton (D:12)
  4 scorpions
  3 killer bees (D:11)
  A small abomination (Abyss:3)
  A troll skeleton (Volcano)
  3 wights (D:15)
  2 electric eels (Lair:6)
  A spriggan skeleton (Volcano)
  2 centaur zombies
  6 crimson imps
  A bullfrog zombie (D:8)
  3 hounds
  9 jellies
  3 centaur skeletons
  16 orc priests
  16 orc wizards
  Terence (D:3)
  3 iguanas
  36 worker ants
  A killer bee zombie (D:7)
  4 hound skeletons
  17 adders
  3 shadow imps
  2 oozes
  An adder zombie (D:8)
  2 adder skeletons
  A worm (D:3)
  3 leopard geckos
  89 orcs
  6 bats
  9 giant cockroaches
  9 goblins
  3 hobgoblins (D:1)
  7 jackals
  22 kobolds
  6 quokkas
  2 ball pythons
  4 frilled lizards
  A quokka skeleton (D:8)
  A quokka zombie (D:5)
  10 rats
  3 fungi
  A plant (Lair:5)
826 creatures vanquished.

Vanquished Creatures (others)
  A deep elf archer (Elf:1)
  A hound (D:5)
  An iron imp (Abyss:3)
  A hound skeleton (D:5)
  An adder (D:5)
  2 orcs
  A bush (Lair:3)
  4 fungi
  39 plants
51 creatures vanquished.

Grand Total: 877 creatures vanquished

Notes
Turn   | Place    | Note
-------+----------+-------------------------------------------
     0 | D:1      | Peloso the Minotaur Fighter began the quest for the Orb.
     0 | D:1      | Reached XP level 1. HP: 19/19 MP: 0/0
   124 | D:1      | Reached XP level 2. HP: 27/27 MP: 1/1
   416 | D:1      | Reached skill level 4 in Shields
   437 | D:1      | You fall into a shaft and drop 1 floor!
   626 | D:1      | Reached XP level 3. HP: 33/33 MP: 2/2
   740 | D:2      | Reached skill level 1 in Dodging
   960 | D:2      | Reached XP level 4. HP: 35/40 MP: 3/3
  1309 | D:3      | Noticed Terence
  1323 | D:3      | Killed Terence
  1439 | D:3      | Reached XP level 5. HP: 46/46 MP: 4/4
  1657 | D:4      | Got a slimy long sword
  1658 | D:4      | Identified the cursed +1 long sword "Orb Guardian's Foe"
                  | {slice, MR+ Dex+2} (You found it on level 4 of the Dungeon)
  1771 | D:4      | Reached skill level 5 in Shields
  1979 | D:4      | Noticed an ogre
  1982 | D:4      | Killed an ogre
  1982 | D:4      | Reached skill level 5 in Long Blades
  1982 | D:4      | Reached XP level 6. HP: 52/52 MP: 5/5
  2383 | D:4      | Reached skill level 5 in Armour
  2465 | D:4      | Reached XP level 7. HP: 44/60 MP: 6/6
  2680 | D:5      | Entered Level 5 of the Dungeon
  2720 | D:5      | Noticed Prince Ribbit
  2739 | D:5      | Killed Prince Ribbit
  2739 | D:5      | Reached skill level 5 in Fighting
  2842 | D:5      | Found a staircase to the Ecumenical Temple.
  2858 | Temple   | Entered the Ecumenical Temple
  2875 | Temple   | Became a worshipper of Warmaster Okawaru
  2949 | D:5      | Noticed Pikel
  2963 | D:5      | Killed Pikel
  2963 | D:5      | Reached * piety under Okawaru
  2963 | D:5      | Reached skill level 6 in Shields
  2963 | D:5      | Reached XP level 8. HP: 59/70 MP: 7/7
  3519 | D:6      | Reached ** piety under Okawaru
  3519 | D:6      | Reached skill level 7 in Shields
  3906 | D:6      | Noticed a troll
  3917 | D:6      | Killed a troll
  3917 | D:6      | Reached XP level 9. HP: 28/78 MP: 8/8
  4316 | D:7      | Reached *** piety under Okawaru
  4316 | D:7      | Reached skill level 10 in Long Blades
  4474 | D:7      | Noticed Duvessa
  4474 | D:7      | Noticed Dowan
  4483 | D:7      | Killed Duvessa
  4483 | D:7      | Reached skill level 8 in Shields
  4485 | D:7      | Killed Dowan
  4857 | D:8      | Found a shadowy altar of Dithmenos.
  4891 | D:8      | Found a runed translucent gate.
  4891 | D:8      | Found a runed translucent gate.
  4891 | D:8      | Found a runed translucent gate.
  4892 | D:8      | Noticed hemabe's ghost (novice HuAr)
  4963 | D:8      | Noticed Maurice
  4976 | D:8      | Killed Maurice
  4976 | D:8      | Reached **** piety under Okawaru
  5325 | D:8      | Found a staircase to the Lair.
  5376 | D:8      | Reached XP level 10. HP: 86/86 MP: 9/9
  5526 | D:8      | Reached skill level 9 in Shields
  5583 | D:8      | Noticed Joseph
  5594 | D:8      | Killed Joseph
  5679 | D:8      | Noticed Grum
  5683 | D:8      | Killed Grum
  5954 | D:9      | Noticed a two-headed ogre
  5960 | D:9      | Killed a two-headed ogre
  5960 | D:9      | Reached ***** piety under Okawaru
  5960 | D:9      | Reached skill level 1 in Stealth
  5966 | D:9      | Found a hide-covered altar of Uskayaw.
  6272 | D:9      | Reached skill level 10 in Shields
  6315 | D:9      | Found Isulijio's General Store.
  6326 | D:9      | Bought a scroll of enchant weapon for 97 gold pieces
  6326 | D:9      | Bought a scroll of noise for 13 gold pieces
  6326 | D:9      | Bought a potion of agility for 52 gold pieces
  6535 | D:10     | Entered Level 10 of the Dungeon
  6592 | D:10     | Killed an unseen horror
  6838 | D:10     | Received a gift from Okawaru
  7322 | D:11     | Reached XP level 11. HP: 93/95 MP: 10/10
  7366 | D:11     | Noticed a skeletal warrior
  7366 | D:11     | Noticed a skeletal warrior
  7423 | D:10     | Killed a skeletal warrior
  7501 | D:11     | Killed a skeletal warrior
  7564 | D:11     | Noticed a six-headed hydra
  7593 | D:11     | Killed a one-headed hydra
  7639 | D:11     | Noticed a two-headed ogre
  7654 | D:10     | Killed a two-headed ogre
  7952 | D:11     | Noticed a five-headed hydra
  7994 | D:10     | Killed a one-headed hydra
  7994 | D:10     | Reached skill level 11 in Shields
  8012 | D:10     | Reached skill level 1 in Axes
  8375 | D:11     | Noticed a phantasmal warrior
  8391 | D:11     | Killed a phantasmal warrior
  8391 | D:11     | Reached skill level 10 in Armour
  8784 | D:11     | Noticed a cyan ugly thing
  8791 | D:11     | Killed a cyan ugly thing
  8807 | D:11     | Noticed a death knight
  8836 | D:11     | Killed a death knight
  8836 | D:11     | Reached ****** piety under Okawaru
  8836 | D:11     | Reached skill level 1 in Invocations
  9101 | D:11     | Noticed a skeletal warrior
  9122 | D:11     | Killed a skeletal warrior
  9122 | D:11     | Received a gift from Okawaru
  9128 | D:11     | Got a fine long sword {god gift}
  9129 | D:11     | Identified the +5 long sword "Goblinslayer" {pain, rElec}
                  | (Okawaru gifted it to you on level 11 of the Dungeon)
  9138 | D:11     | Noticed a skeletal warrior
  9159 | D:11     | Killed a skeletal warrior
  9159 | D:11     | Reached skill level 10 in Fighting
  9533 | Lair:1   | Entered Level 1 of the Lair of Beasts
  9599 | Lair:1   | Reached skill level 12 in Shields
  9599 | Lair:1   | Reached XP level 12. HP: 81/106 MP: 11/11
 10690 | Lair:2   | Noticed a six-headed hydra
 10705 | Lair:2   | Killed a one-headed hydra
 11034 | Lair:2   | Noticed a seven-headed hydra
 11046 | Lair:2   | Killed a one-headed hydra
 11421 | Lair:2   | Received a gift from Okawaru
 11447 | Lair:2   | Noticed Dasij's ghost (journeyman VSMo)
 11447 | Lair:2   | Noticed an eight-headed hydra
 11493 | Lair:2   | Noticed a minotaur
 11520 | Lair:2   | Found a staircase to the Shoals.
 11533 | Lair:2   | Reached skill level 13 in Shields
 11567 | Lair:2   | Found a runed translucent gate.
 11567 | Lair:2   | Found a runed translucent gate.
 11567 | Lair:2   | Found a runed translucent gate.
 12083 | Lair:3   | Received a gift from Okawaru
 12105 | Lair:3   | Got a sapphire demon blade {god gift}
 12106 | Lair:3   | Identified the +7 demon blade of Plunder {drain, Str+2
                  | SInv} (Okawaru gifted it to you on level 3 of the Lair of
                  | Beasts)
 12506 | Lair:3   | Noticed a queen ant
 12533 | Lair:3   | Killed a queen ant
 12541 | Lair:3   | Reached XP level 13. HP: 95/116 MP: 13/13
 12742 | Lair:3   | Received a gift from Okawaru
 13371 | D:12     | Found a staircase to the Orcish Mines.
 13443 | D:12     | Found Awog's Armour Boutique.
 13446 | D:12     | Found a portal to a secret trove of treasure.
 13465 | D:12     | Reached skill level 14 in Shields
 14380 | D:13     | Noticed Josephine
 14392 | D:13     | Killed Josephine
 14392 | D:13     | Reached skill level 5 in Dodging
 14395 | D:13     | Reached skill level 15 in Long Blades
 14942 | D:13     | Received a gift from Okawaru
 15021 | D:13     | Got a jewelled scale mail
 15032 | D:13     | Identified the +4 scale mail of Vyussiyd {rElec} (You found
                  | it on level 13 of the Dungeon)
 15377 | D:12     | Noticed a war gargoyle
 15385 | D:12     | Killed a war gargoyle
 16138 | D:13     | Reached skill level 15 in Shields
 16632 | Lair:4   | Found a gate leading to a gauntlet.
 16644 | Gauntlet | Entered a Gauntlet
 16644 | Gauntlet | Found a transporter.
 16644 | Gauntlet | Found a transporter.
 16647 | Gauntlet | Found a transporter.
 16651 | Gauntlet | Found a transporter.
 16651 | Gauntlet | Found a transporter.
 16651 | Gauntlet | Found a transporter.
 16670 | Gauntlet | Found a runed translucent door.
 16684 | Gauntlet | Found a transporter.
 16687 | Gauntlet | Found a transporter.
 16695 | Gauntlet | Found a transporter.
 16711 | Gauntlet | Found a transporter.
 16725 | Gauntlet | Found a transporter.
 16729 | Gauntlet | Found a transporter.
 17079 | Gauntlet | Received a gift from Okawaru
 17110 | Gauntlet | Identified the +5 plate armour "Atwuet" {rF- rC++ SInv
                  | Stlth+}
 17110 | Gauntlet | Noticed a minotaur
 17125 | Gauntlet | Killed a minotaur
 17163 | Gauntlet | Received a gift from Okawaru
 17163 | Gauntlet | Reached XP level 14. HP: 57/126 MP: 14/14
 18284 | Lair:4   | Found a hole to the Spider Nest.
 19544 | Orc:1    | Entered Level 1 of the Orcish Mines
 19586 | Orc:1    | Found a dark tunnel.
 19619 | Volcano  | Entered a volcano
 20018 | Orc:1    | Received a gift from Okawaru
 20145 | Orc:1    | Noticed an orc warlord
 20173 | Orc:1    | Killed an orc warlord
 20321 | Orc:1    | Reached skill level 16 in Shields
 20400 | Orc:1    | Found a roughly hewn altar of Beogh.
 20545 | Orc:1    | Found a roughly hewn altar of Beogh.
 20611 | Orc:2    | Entered Level 2 of the Orcish Mines
 20615 | Orc:2    | Noticed a stone giant
 20642 | Orc:2    | Killed a stone giant
 20650 | Orc:2    | Noticed Azrael
 20662 | Orc:2    | Killed Azrael
 20684 | Orc:2    | Found a staircase to the Elven Halls.
 20838 | Orc:2    | Received a gift from Okawaru
 21019 | Orc:2    | Reached XP level 15. HP: 49/137 MP: 15/15
 21329 | Orc:2    | Found Quuhuita's Weapon Shop.
 21330 | Orc:2    | Found Qyib's Assorted Antiques.
 21330 | Orc:2    | Found Xorecur's Assorted Antiques.
 21330 | Orc:2    | Found Kedwo's Antique Armour Shoppe.
 21341 | Orc:2    | Bought a metallic sapphire potion for 24 gold pieces
 21342 | Orc:2    | Bought a runed scarf for 224 gold pieces
 21342 | Orc:2    | Bought a runed large shield for 210 gold pieces
 21528 | Orc:2    | Found Xamoc's Weapon Emporium.
 21552 | Orc:2    | Received a gift from Okawaru
 21552 | Orc:2    | Reached skill level 17 in Shields
 21556 | Orc:2    | Got a warped hat {god gift}
 21562 | Orc:2    | Identified the +0 hat "Wukuyt" {rCorr} (Okawaru gifted it
                  | to you on level 2 of the Orcish Mines)
 22062 | Lair:6   | Entered Level 6 of the Lair of Beasts
 22696 | Lair:6   | Found a staircase to the Slime Pits.
 23288 | Lair:6   | Received a gift from Okawaru
 24766 | D:14     | Reached skill level 18 in Shields
 24781 | D:14     | Received a gift from Okawaru
 25031 | D:14     | Got a warped chain mail
 25042 | D:14     | Identified the +10 chain mail of a sewer {SInv Stlth+} (You
                  | found it on level 14 of the Dungeon)
 25065 | D:14     | Noticed Agnes
 25081 | D:14     | Killed Agnes
 25119 | D:14     | Found a gate to the Vaults.
 25453 | D:14     | Found a sacrificial altar of Ru.
 25468 | D:14     | Reached skill level 1 in Evocations
 25748 | D:14     | Got a smoking glaive
 25762 | D:14     | Identified the +1 glaive of the Traitor {drain, *Rage +Rage
                  | rF- Dex+7} (You found it on level 14 of the Dungeon)
 25939 | D:14     | Found the +12 glaive of Prune {chop}
 26156 | D:15     | Entered Level 15 of the Dungeon
 26213 | D:15     | Reached XP level 16. HP: 147/147 MP: 16/16
 26380 | D:15     | Reached skill level 15 in Fighting
 26522 | D:15     | Found Bejacrid's Book Boutique.
 26704 | D:15     | Received a gift from Okawaru
 26711 | D:15     | Found a staircase to the Depths.
 27032 | Orc:2    | Bought a sedimented sapphire potion for 24 gold pieces
 27903 | Elf:1    | Entered Level 1 of the Elven Halls
 28220 | Elf:1    | Reached skill level 19 in Shields
 29148 | Elf:1    | Received a gift from Okawaru
 29308 | Elf:1    | Cast into level 3 of the Abyss (+4 trident of distortion)
 29316 | Abyss:3  | Got a brightly glowing turquoise ring
 29538 | Abyss:3  | Noticed a Hell Sentinel
 29548 | Abyss:3  | Killed from afar by a Hell Sentinel

Levels and vault maps discovered:
D:1:      wander_arrival_estate, layout_basic, st_stairs_6,
          kennysheep_pointless_box
D:2:      layout_basic, first_ration
D:3:      layout_basic, uniq_terence
D:4:      layout_loops_corners
D:5:      layout_loops_cross, minmay_temple_entry_glass, uniq_prince_ribbit1,
          uniq_pikel
D:6:      minmay_general_purpose_star, layout_cave_pools
D:7:      layout_loops_ring, nrook_mini_backslash, uniq_duvessa
D:8:      layout_loops_cross, nicolae_overflow_hidden_temple, dpeg_oklobed_lair,
          ebering_ghost_rock_garden, uniq_maurice, uniq_joseph, uniq_grum
D:9:      layout_basic, basic_altar, serial_shops, nicolae_shop_trees
D:10:     layout_long_grid
D:11:     layout_irregular_city
D:12:     kennysheep_funnel, layout_long_grid, orc_0_dummy, serial_shops,
          nicolae_shop_window_shopping, enter_trove_0
D:13:     layout_long_grid, uniq_josephine
D:14:     layout_roguey, hangedman_vaults_entry_quadrant_bands,
          infiniplex_staircase_zigzag_4, basic_altar, hangedman_ranch
          [blue_anna_fruit_fields], minmay_guarded_unrand_prune, uniq_agnes
D:15:     grunt_enter_depths_hoard, layout_basic, serial_shops,
          nicolae_shop_statue_plus, chequers_serial_rivers_micro_c,
          hangedman_abyss_or_decor_passed
Temple:   regret_index_temple_sigil_plot
Lair:1:   layout_chaotic_city
Lair:2:   layout_roguey, minmay_shoals_entry_centaurs,
          maelrawn_ghost_gauntlet_escape, grunt_megastairs_4
Lair:3:   layout_regular_city, zaba_anthell
Lair:4:   layout_regular_city, spider_nest_entry_funnel_web,
          gauntlet_entry_generic
Lair:5:   layout_gridlike, lemuel_fruit_tree, minmay_lair_oklob_chamber
Lair:6:   minmay_lair_end_frog_pond, layout_hall_layers,
          nicolae_slime_entry_slimehenge, st_stairs_7, minmay_lindwurm_lava
Orc:1:    layout_caves, enter_volcano_1, basic_altar, minmay_orc_temple_b
Orc:2:    st_orc_ogre_mass, layout_caves, serial_shops, shop, uniq_azrael
Elf:1:    minmay_elf_arrival_plus, layout_loops_corners, orc_legates,
          lemuel_flamethrower_3
Abyss:3:  evilmike_abyss_rune_tso_outpost

Skill      XL: |  1  2  3  4  5  6  7  8  9 10 11 12 13 14 15 16 |
---------------+-------------------------------------------------+-----
Long Blades    | 3 5 6 8 9 11 12 13 14 15 16 17 18 | 18.1
Armour         | 4 5 6 7 8 9 10 11 12 13 14 | 14.2
Shields        | 4 5 6 7 8 10 12 13 15 16 18 19 | 19.5
Dodging        | 1 2 3 4 5 6 |  6.3
Fighting       | 4 5 6 7 8 10 11 12 13 14 15 | 15.5
Stealth        | 1 2 |  2.0
Axes           | 1 3 4 |  4.0
Invocations    | 1 2 |  2.3
Evocations     | 1 |  1.0

Action                   |  1- 3 |  4- 6 |  7- 9 | 10-12 | 13-15 | 16-18 || total
-------------------------+-------+-------+-------+-------+-------+-------++-------
Melee: Long sword        |   113 |   133 |   231 |   587 |       |       ||  1064
       Headbutt          |     8 |    26 |    51 |   227 |   347 |    85 ||   744
       Hand axe          |       |       |       |    32 |    13 |       ||    45
       Demon blade       |       |       |       |    52 |  1177 |   324 ||  1553
       Scimitar          |       |       |       |       |     5 |       ||     5
Invok: Heroism           |       |       |     1 |     8 |     7 |       ||    16
Evoke: Wand              |       |       |       |       |     8 |       ||     8
  Use: Potion            |       |     1 |     2 |     5 |     3 |     1 ||    12
       Scroll            |       |       |     3 |    12 |    13 |     3 ||    31
  Eat: Chunk             |       |     5 |    12 |    19 |    31 |     8 ||    75
       Ration            |       |       |       |     1 |     4 |     1 ||     6
Armor: Scale mail        |    63 |       |       |       |       |       ||    63
       Chain mail        |     8 |    77 |    56 |   245 |   143 |    24 ||   553
       Plate armour      |       |       |    45 |       |   239 |    57 ||   341
Dodge: Dodged            |    40 |    31 |    79 |   172 |   318 |    57 ||   697
Block: Shield            |    77 |    81 |   139 |   406 |   523 |       ||  1226
       Large shield      |       |       |       |       |   536 |   293 ||   829
       Rpst.: Long sword |     8 |     9 |    25 |    42 |       |       ||    84
       Demon blade       |       |       |       |     3 |    66 |     8 ||    77
       Scimitar          |       |       |       |       |     1 |       ||     1

Table legend:
 A = Non-vault XP
 B = Vault XP
 C = Vault XP percentage of total XP
 D = Non-vault monster count
 E = Vault monster count
 F = Vault count percentage of total count
                 A         B        C        D         E       F
            +---------+---------+-------+---------+---------+-------
      Total |  107431 |   84133 |  43.9 |     558 |     264 |  32.1
            +---------+---------+-------+---------+---------+-------
        D:1 |      42 |       3 |   6.7 |      25 |       2 |   7.4
        D:2 |      65 |       0 |   0.0 |      18 |       0 |   0.0
        D:3 |      69 |      38 |  35.5 |      17 |       1 |   5.6
        D:4 |     568 |       0 |   0.0 |      25 |       0 |   0.0
        D:5 |     552 |     912 |  62.3 |      21 |       2 |   8.7
        D:6 |     667 |     113 |  14.5 |       8 |       1 |  11.1
        D:7 |    1487 |     231 |  13.4 |      29 |       2 |   6.5
        D:8 |     931 |    1293 |  58.1 |      15 |       5 |  25.0
        D:9 |    2579 |       0 |   0.0 |      34 |       0 |   0.0
       D:10 |    4195 |       0 |   0.0 |      16 |       0 |   0.0
       D:11 |    7669 |       0 |   0.0 |      32 |       0 |   0.0
       D:12 |    3837 |    1693 |  30.6 |      33 |       2 |   5.7
       D:13 |   10577 |    1725 |  14.0 |      37 |       4 |   9.8
       D:14 |    2666 |   15524 |  85.3 |       4 |      34 |  89.5
       D:15 |    8016 |    2097 |  20.7 |      28 |       2 |   6.7
     Lair:1 |    3993 |       0 |   0.0 |      19 |       0 |   0.0
     Lair:2 |    6702 |    1034 |  13.4 |      17 |       6 |  26.1
     Lair:3 |    4192 |    4109 |  49.5 |      18 |      43 |  70.5
     Lair:4 |    2636 |     652 |  19.8 |      13 |       3 |  18.8
     Lair:5 |    4829 |    1351 |  21.9 |      16 |       4 |  20.0
     Lair:6 |   10540 |   14786 |  58.4 |      34 |      57 |  62.6
      Orc:1 |    5579 |     854 |  13.3 |      38 |      11 |  22.4
      Orc:2 |    2753 |   20886 |  88.4 |      18 |      45 |  71.4
      Elf:1 |   20503 |    7739 |  27.4 |      35 |      16 |  31.4
    Abyss:3 |    1784 |       0 |   0.0 |       8 |       0 |   0.0
    Volcano |       0 |    4108 | 100.0 |       0 |      13 | 100.0
   Gauntlet |       0 |    4985 | 100.0 |       0 |      11 | 100.0
            +---------+---------+-------+---------+---------+-------
